 Dungeon Crawl Stone Soup version 0.29-a0-283-ga02f740833 (webtiles) character file.

Game seed: 2618776896035955269

5 spaghetti the Cudgeller (level 1, 0/14 HPs)
             Began as a Tengu Chaos Knight on Mar 13, 2022.
             Was a Plaything of Xom.
             Frozen to death by an endoplasm (5 damage)
             ... on level 1 of the Dungeon.
             The game lasted 00:00:31 (173 turns).

spaghetti the Cudgeller (Tengu Chaos Knight)         Turns: 173, Time: 00:00:31

Health: 0/14       AC:  5    Str: 12    XL:     1   Next: 80%
Magic:  2/2        EV: 11    Int: 12    God:    Xom [..*...]
Gold:   32         SH:  0    Dex: 13    Spells: 0/0 levels left

rFire   . . .      SeeInvis .   a - +0 mace (chaos) {mace}
rCold   . . .      Faith    .   (no shield)
rNeg    . . .      Spirit   .   b - +2 leather armour
rPois   .          Reflect  .   (helmet restricted)
rElec   .          Harm     .   (no cloak)
rCorr   .          Rampage  .   (no gloves)
Will    .....                   (boots unavailable)
Stlth   +.........              (no amulet)
HPRegen 0.04/turn               (no ring)
MPRegen 0.08/turn               (no ring)

@: no status effects
A: beak, talons 3
a: Renounce Religion


You were on level 1 of the Dungeon.
You worshipped Xom.
You were a toy of Xom.
You visited 1 branch of the dungeon, and saw 1 of its levels.

You collected 32 gold pieces.


Innate Abilities, Weirdness & Mutations

You have a beak for a mouth.
You have claws for feet.


   Skills:
 - Level 3.0 Fighting
 + Level 3.7 Maces & Flails
 - Level 2.1 Armour
 - Level 1.1 Dodging


You couldn't memorise any spells.
You didn't know any spells.
Your spell library was empty.

Inventory:

Hand Weapons
 a - a +0 mace of chaos (weapon) {mace}
Missiles
 e - 20 stones {throwing}
Armour
 b - a +2 leather armour (worn)
Scrolls
 d - a scroll of fog {unknown}
Miscellaneous
 c - a piece from Xom's chessboard (9/15) (quivered)

Dungeon Overview and Level Annotations

Branches:
Dungeon (1/15)

Altars:

#.................####
#.....................
#...###.##.##..####...
#...# #.##.##..# #.... 8
#...###>...##### #.... ...
#....##..#########....
#..#.....#.###...........
#....)gJ...........###...
......g..#@..###..#####....
##.......r.#.#...## #....
...######......### #.... ##
#......##########...
####.#.................
...........#######.....
.#####............###.
##########......###.####..
#....)..#....#### #..###[.


You could see an endoplasm (fast), a goblin and a rat.


Message History

You thump the goblin!
You kill the goblin!
Things that are here:
a +0 dagger {short}; a goblin corpse You now have 16 gold pieces.
A ball python comes into view.
The ball python hisses angrily.
A ball python is nearby!
A ball python is nearby!
A ball python is nearby!
Xom smirks.
You detect items!
You barely miss the ball python. Your kick misses the ball python.
The ball python bites you but does no damage.
The ball python closely misses you.
You barely miss the ball python. Your kick misses the ball python.
You peck the ball python. The ball python bites you. The ball python grabs you.
The ball python constricts you.
The ball python bites you but does no damage.
The ball python constricts you. 😕 HP[-2]
You take 2 damage, and now have 12/14 hp.
You thump the ball python!
Lightning courses through the ball python!
You kill the ball python!
You see here a ball python corpse.
d - a scroll labelled FIATAN FEMYLYC
There are no items here.
You start resting. 😎 HP[+2]
Your hp is fully restored (14).
Found a stone staircase leading down.
Found a stone staircase leading down.
Found a stone staircase leading down.
e - 20 stones {throwing} A goblin comes into view.
It is wielding a +0 dagger.
A goblin is nearby!
The goblin shouts!
There is a stone staircase leading down here.
You completely miss the goblin. Your kick misses the goblin.
Your peck misses the goblin. The goblin hits you but does no damage.
You miss the goblin. Your kick misses the goblin.
Xom smirks.
You feel momentarily disoriented. The goblin hits you but does no damage.
The goblin closely misses you.
You barely miss the goblin. Your peck misses the goblin.
The goblin hits you but does no damage.
You miss the goblin. The goblin hits you but does no damage.
You thump the goblin! You burn the goblin.
You kill the goblin!
You see here a +0 dagger {short}.
A goblin comes into view. It is wielding a +0 club.
The goblin shouts!
A goblin is nearby!
A goblin is nearby!
The goblin completely misses you.
You thump the goblin!
You kill the goblin!
You see here a +0 club {mace}.
You now have 32 gold pieces (gained 16).
A kobold comes into view. It is wielding a +0 short sword.
The kobold shouts!
An endoplasm comes into view.
The kobold throws a stone.
The stone hits you but does no damage.
You closely miss the kobold.
The endoplasm quivers.
Your kick misses the kobold.
A goblin comes into view. It is wielding a +0 dagger.
The kobold hits you but does no damage.
The goblin shouts!
You hit the kobold.
You kill the kobold!
A rat comes into view.
The endoplasm freezes you.
You are frozen.
Things that are here:
a +0 short sword {short}; 2 stones {throwing} 😕 HP[-2]
You take 2 damage, and now have 12/14 hp.
You hit the endoplasm but do no damage.
The endoplasm seems to speed up.
Xom is amused.
You claw the endoplasm. The endoplasm completely misses you.
The endoplasm freezes you.
You are frozen. 😮 HP[-4]
You take 4 damage, and now have 8/14 hp.
MASSIVE DAMAGE!! (PAUSE) 😮 HP[+1]
The endoplasm hits you but does no damage.
The endoplasm attacks as you move away!
The endoplasm hits you but does no damage.
There is a stone staircase leading down here.
The endoplasm freezes you.
You are frozen.
* * * LOW HITPOINT WARNING * * *
The endoplasm freezes you.
You are frozen.
You die...

Action                   || total
-------------------------++-------
Melee: Mace              ||    13
       Kick              ||     1
       Peck              ||     1
Evoke: Piece from Xom's  ||     6
 Stab: Paralysed         ||     1
Armor: Leather armour    ||    10
Dodge: Dodged            ||     4

Levels and vault maps discovered:
D:1:      lightli_arrival_boilingwater, layout_rooms, minmay_pentomino_u4

Notes
Turn   | Place    | Note
-------+----------+-------------------------------------------
     0 | D:1      | spaghetti the Tengu Chaos Knight began the quest for the
                  | Orb.
     0 | D:1      | Reached XP level 1. HP: 14/14 MP: 2/2
     0 | D:1      | magus.rc [v1.9.6]
    26 | D:1      | XOM: divination: detect items
   104 | D:1      | XOM: divination: magic mapping
   173 | D:1      | Frozen to death by an endoplasm

Vanquished Creatures
  3 goblins (D:1)
  A ball python (D:1)
  A kobold (D:1)
5 creatures vanquished.

Table legend:
 A = Non-vault XP
 B = Vault XP
 C = Vault XP percentage of total XP
 D = Non-vault monster count
 E = Vault monster count
 F = Vault count percentage of total count
                 A         B        C        D         E       F
            +---------+---------+-------+---------+---------+-------
      Total |       8 |       0 |   0.0 |       5 |       0 |   0.0
            +---------+---------+-------+---------+---------+-------
        D:1 |       8 |       0 |   0.0 |       5 |       0 |   0.0
            +---------+---------+-------+---------+---------+-------

Illustrated notes

Table legend:
 A = Kills in this place as a percentage of kills in entire the game.
 B = Kills by you in this place as a percentage of kills by you in the entire game.
 C = Kills by friends in this place as a percentage of kills by friends in the entire game.
 D = Other kills in this place as a percentage of other kills in the entire game.
 E = Experience gained in this place as a percentage of experience gained in the entire game.
 F = Experience gained in this place divided by the number of levels of this place that you have seen.
                   A       B       C       D       E      F
               +-------+-------+-------+-------+-------+----------------------
         Total | 100.0 | 100.0 |   N/A |   N/A | 100.0 |   8.0
       Dungeon | 100.0 | 100.0 |   N/A |   N/A | 100.0 |   8.0
               +-------+-------+-------+-------+-------+----------------------

Table legend: (Time is in decaauts)
 A = Elapsed time spent in this place.
 B = Non-inter-level travel time spent in this place.
 C = Inter-level travel time spent in this place.
 D = Time resting spent in this place.
 E = Time spent auto-exploring this place.
 F = Levels seen in this place.
 G = Mean time per level.
                   A        B        C        D        E       F      G
               +--------+--------+--------+--------+--------+-----+--------+
         Total |    177 |    177 |      0 |     37 |     75 |   1 |  177.0 |
       Dungeon |    177 |    177 |      0 |     37 |     75 |   1 |  177.0 |
               +--------+--------+--------+--------+--------+-----+--------+

Top non-repeatable levels by time:
     D:1: 177 daAuts
